 Dungeon Crawl Stone Soup version 0.21-a0-46-gdf2c162 (webtiles) character file.

15099 KristoblXynda the Cleaver (level 12, -69/82 HPs)
             Began as a Barachi Berserker on June 7, 2017.
             Was a High Priest of Trog.
             Annihilated by a titanic slime creature (72 damage)
             ... on level 12 of the Dungeon.
             The game lasted 00:23:31 (11523 turns).

KristoblXynda the Cleaver (Barachi Berserker)      Turns: 11523, Time: 00:23:32

Health: -69/82     AC: 13    Str: 25    XL:     12   Next: 23%
Magic:  16/16      EV: 12    Int: 10    God:    Trog [*****.]
Gold:   317        SH: 11    Dex: 13    Spells: 11/11 levels left

rFire    . . .     SeeInvis .   A - +3 war axe (chop)
rCold    . . .     Gourm    .   H - +0 shield
rNeg     . . .     Faith    .   v - +1 scale mail {rPois}
rPois    +         Spirit   .   p - +0 helmet
rElec    .         Reflect  .   I - +0 cloak
rCorr    .         Harm     .   (no gloves)
MR       +....                  (no boots)
Stlth    ++........             b - amulet of regeneration
Regen    0.7/turn               m - ring of protection from magic
MPRegen  0.2/turn               E - +5 ring of strength

@: berserk cooldown, slowed, drained, very slow
A: +LOS, swims, slowness 1, subdued magic 1, strong legs 1
a: Hop, Berserk, Trog's Hand, Brothers in Arms, Burn Spellbooks, Renounce
Religion


You were on level 12 of the Dungeon.
You worshipped Trog.
Trog was extremely pleased with you.
You were not hungry.

You visited 2 branches of the dungeon, and saw 13 of its levels.

You collected 540 gold pieces.
You spent 223 gold pieces at shops.

Inventory:

Hand Weapons
 A - a +3 war axe of chopping (weapon)
 R - a +0 hand axe of flaming
 S - a cursed +4 battleaxe of freezing
Missiles
 u - 7 javelins of penetration (quivered)
Armour
 p - a +0 helmet (worn)
 v - a +1 scale mail of poison resistance (worn)
 H - a +0 shield (worn)
 I - a +0 cloak (worn)
Jewellery
 b - an amulet of regeneration (around neck)
 i - a cursed ring of positive energy
 m - a ring of protection from magic (left hand)
 o - an uncursed ring of protection from magic
 s - a +2 ring of protection {unknown}
 E - a +5 ring of strength (right hand)
Wands
 a - a wand of disintegration (12/24)
 w - a wand of acid (13/15)
 y - a wand of iceblast (13/15)
 z - a wand of paralysis (6/24)
 K - a wand of random effects (9/48)
Scrolls
 d - 7 scrolls of remove curse
 e - 5 scrolls of amnesia
 n - a scroll of enchant armour
 q - 6 scrolls of teleportation
 t - a scroll of immolation
 N - a scroll of recharging
 Q - a scroll of identify
Potions
 f - a potion of berserk rage
 g - 8 potions of curing
 h - 3 potions of heal wounds
 j - 3 potions of magic
 k - 5 potions of might
 l - a potion of degeneration {unknown}
 x - a potion of lignification {unknown}
 B - 2 potions of flight
 D - a potion of mutation {unknown}
 F - a potion of ambrosia {unknown}
 G - a potion of haste {unknown}
 J - a potion of invisibility {unknown}
 M - a potion of agility {unknown}
 P - a potion of cancellation {unknown}
Miscellaneous
 L - a fan of gales (inert)
Comestibles
 c - 4 bread rations
 r - 7 royal jellies
 C - 19 fruits
 O - 3 meat rations


   Skills:
 - Level 3.6(3.1) Fighting
 + Level 12.7(12.1) Axes
 + Level 11.8(11.2) Armour
 - Level 6.6(6.1) Dodging
 - Level 6.0(5.5) Stealth
 + Level 8.4(7.9) Shields
 - Level 5.3(4.9) Evocations


You had 11 spell levels left.
You didn't know any spells.

Dungeon Overview and Level Annotations

Branches:
Dungeon (12/15)            Temple (1/1) D:7            Lair (0/6) D:8
    Orc (0/2) D:10

Altars:
Ashenzari
Cheibriados
Dithmenos
Elyvilon
Fedhas
Gozag
Hepliaklqana
Kikubaaqudgha
Makhleb
Nemelex Xobeh
Okawaru
Qazlal
Ru
Sif Muna
Trog
Uskayaw
Vehumet
Wu Jian
Xom
Yredelemnul
Zin
The Shining One
Beogh

Shops:
D:4 (   D:8 :   D:9 }


Innate Abilities, Weirdness & Mutations

Shadows flee at your approach. (+LOS)
You can swim through water.
You cover ground slowly.
You can hop short distances.
Your spells are a little easier to cast, but a little less powerful.


Message History

You block the titanic slime creature's attack.
You're too hungry.
Unknown command.
You're too hungry.
The titanic slime creature hits you!!
* * * LOW HITPOINT WARNING * * *
The titanic slime creature closely misses you.
Unknown command.
Unknown command.
Unknown command.
Okay, then.
Okay, then.
Okay, then.
Evoke which item? (* to show all) (? for menu, Esc to quit)
A fierce wind blows from the fan.
The titanic slime creature is blown away by the wind.
You eat one of the 8 royal jellies.
That royal jelly was delicious!
The titanic slime creature hits you!!!!
Ouch! That really hurt!
You die...

#......###............ ##....#
#.##########. ##.#.#
#............ #.#.#
#..########.. #.#.# #..# #..
##.#.# #..# #..
#.####....####..# #.(
#.......J.......########)) .
######...@####..........).
#...#########.......(...######).
.<.......(......#######.# ###)#
...####(######.# #)####)... #.#
#.# ........<#.#
#.######.######># ###.###....#
........>.......# .........#
#.######.######.# ..###.##.. #.#
#.# #..# #.###.


You could see a titanic slime creature.

Vanquished Creatures
  A hydra (D:11)
  4 two-headed ogres
  An ugly thing (D:11)
  A cyclops (D:12)
  3 centaur zombies (D:11)
  2 gargoyles
  2 trolls
  4 slime creatures (D:12)
  A hippogriff (D:10)
  2 dream sheep (D:11)
  A shadow (D:12)
  A wyvern (D:9)
  5 yaks
  Eustachio (D:4)
  A hungry ghost (D:9)
  Menkaure (D:7)
  Edmund (D:6)
  Duvessa (D:6)
  2 ice beasts
  3 sky beasts
  3 black bears
  5 orc warriors
  A necrophage (D:6)
  3 ogres
  2 phantoms
  9 centaurs
  5 big kobolds
  6 bullfrogs
  2 gnoll sergeants
  A wyvern zombie (D:7)
  A wyvern skeleton (D:7)
  2 water moccasin skeletons
  The ghost of blackwizard the Ducker, a weakling TrFi (D:4)
  Dowan (D:6)
  5 scorpions
  10 wights
  4 crimson imps
  4 centaur skeletons
  3 hounds
  4 orc priests
  3 jellies
  2 bullfrog skeletons
  4 iguanas
  8 orc wizards
  11 worker ants
  2 hound zombies
  2 worker ant zombies
  20 gnolls
  10 adders
  3 shadow imps
  An ooze (D:3)
  An adder zombie (D:9)
  3 worms
  A dart slug (D:2)
  7 leopard geckos
  54 orcs
  5 ball pythons
  6 bats
  3 giant cockroaches
  8 goblins
  3 hobgoblins
  16 jackals
  5 quokkas
  9 frilled lizards
  2 jackal skeletons
  A jackal zombie (D:5)
  13 kobolds
  2 quokka skeletons (D:4)
  A quokka zombie (D:7)
  8 rats
  A butterfly (D:7)
325 creatures vanquished.

Notes
Turn   | Place    | Note
-------+----------+-------------------------------------------
     0 | D:1      | KristoblXynda the Barachi Berserker began the quest for the Orb.
     0 | D:1      | Reached XP level 1. HP: 18/18 MP: 1/1
   231 | D:1      | Reached XP level 2. HP: 13/24 MP: 2/2
   717 | D:1      | Reached XP level 3. HP: 26/29 MP: 3/3
  1266 | D:2      | Reached ** piety under Trog
  1304 | D:2      | Reached skill level 4 in Axes
  1304 | D:2      | Reached XP level 4. HP: 19/36 MP: 4/4
  2434 | D:3      | Reached XP level 5. HP: 27/41 MP: 5/5
  2915 | D:3      | Reached *** piety under Trog
  3212 | D:3      | Reached XP level 6. HP: 32/47 MP: 6/6
  3405 | D:3      | Reached skill level 5 in Axes
  3531 | D:4      | Reached skill level 5 in Armour
  3849 | D:4      | Noticed blackwizard's ghost (weakling TrFi)
  3862 | D:4      | Killed blackwizard's ghost
  4064 | D:4      | Noticed Eustachio
  4083 | D:4      | Killed Eustachio
  4083 | D:4      | Reached skill level 5 in Dodging
  4083 | D:4      | Reached XP level 7. HP: 52/52 MP: 7/7
  4400 | D:4      | Received a gift from Trog
  4766 | D:4      | Reached skill level 6 in Axes
  5006 | D:4      | Found Loprod's Weapon Emporium.
  5013 | D:4      | Bought a +2 war axe of chopping for 223 gold pieces
  5271 | D:5      | Entered Level 5 of the Dungeon
  5280 | D:5      | Reached XP level 8. HP: 54/59 MP: 8/8
  5305 | D:5      | Reached **** piety under Trog
  5386 | D:5      | Reached skill level 1 in Stealth
  5848 | D:5      | Reached skill level 7 in Axes
  6177 | D:6      | Found a deep blue altar of Sif Muna.
  6248 | D:6      | Reached XP level 9. HP: 64/64 MP: 9/9
  6284 | D:6      | Reached skill level 8 in Axes
  6288 | D:6      | Gained mutation: Your spells are a little easier to cast, but a little less powerful. [mutagenic meat]
  6403 | D:6      | Reached skill level 1 in Evocations
  6520 | D:6      | Noticed Edmund
  6528 | D:6      | Killed Edmund
  6584 | D:6      | Noticed Duvessa
  6584 | D:6      | Noticed Dowan
  6592 | D:6      | Killed Dowan
  6600 | D:6      | Killed Duvessa
  7307 | D:7      | Reached skill level 5 in Stealth
  7390 | D:7      | Noticed Menkaure
  7398 | D:7      | Killed Menkaure
  7414 | D:7      | Reached skill level 9 in Axes
  7598 | D:7      | Found a staircase to the Ecumenical Temple.
  7610 | Temple   | Entered the Ecumenical Temple
  7936 | D:7      | Found a bloodstained altar of Trog.
  8023 | D:8      | Found a roughly hewn altar of Beogh.
  8038 | D:8      | Reached XP level 10. HP: 68/70 MP: 13/13
  8113 | D:8      | Found Gael's Book Boutique.
  8153 | D:8      | Reached skill level 5 in Evocations
  8212 | D:8      | Reached ***** piety under Trog
  8393 | D:8      | Found a staircase to the Lair.
  8848 | D:9      | Reached skill level 10 in Axes
  8848 | D:9      | Reached skill level 1 in Shields
  9453 | D:9      | Found Maefim's Gadget Shoppe.
  9479 | D:10     | Entered Level 10 of the Dungeon
  9479 | D:10     | Found a staircase to the Orcish Mines.
  9486 | D:10     | Noticed a two-headed ogre
  9497 | D:10     | Killed a two-headed ogre
  9798 | D:10     | Noticed a two-headed ogre
  9805 | D:10     | Killed a two-headed ogre
  9805 | D:10     | Reached skill level 11 in Axes
  9805 | D:10     | Reached XP level 11. HP: 75/75 MP: 15/15
  9837 | D:10     | Received a gift from Trog
  9837 | D:10     | Reached skill level 5 in Shields
  9914 | D:10     | Noticed a two-headed ogre
  9915 | D:10     | Reached skill level 10 in Armour
  9922 | D:10     | Killed a two-headed ogre
 10281 | D:11     | Found an opulent altar of Gozag.
 10560 | D:11     | Noticed a red ugly thing
 10575 | D:11     | Killed a red ugly thing
 10834 | D:11     | Noticed a three-headed hydra
 10840 | D:11     | Killed a one-headed hydra
 10840 | D:11     | Reached skill level 12 in Axes
 11232 | D:12     | Reached XP level 12. HP: 82/82 MP: 16/16
 11335 | D:12     | Noticed a two-headed ogre
 11344 | D:12     | Killed a two-headed ogre
 11521 | D:12     | HP: 1/82 [titanic slime creature (20)]
 11523 | D:12     | Annihilated by a titanic slime creature

Vault maps used:
D:1:      dpeg_arrival_lava_altar, serial_forest, infiniplex_forest_lined_3,
          infiniplex_forest_zigzag_1, infiniplex_forest_join,
          infiniplex_forest_lined_corner, infiniplex_forest_clump_double,
          infiniplex_forest_clump_tiny, minmay_tiny_reverse_x
D:3:      minmay_liquid_box, minmay_splitting_lines
D:4:      serial_shops, kennysheep_little_box, uniq_eustachio
D:5:      first_bread, nrook_mini_backslash
D:6:      lemuel_crystal_altar, serial_curves, eino_curves_04, eino_curves_01,
          uniq_edmund, uniq_duvessa
D:7:      lemuel_round_altar, minmay_temple_entry_butterflies, uniq_menkaure
D:8:      lair_entry_dummy, serial_shops, shop, special_room
D:9:      serial_shops, shop
D:10:     orc_0_dummy
D:11:     hangedman_ranch, grunt_gozag_statues
Temple:   regret_index_temple_chain_breaker

Skill      XL: |  1  2  3  4  5  6  7  8  9 10 11 12 |
---------------+-------------------------------------+-----
Armour         | 3 4 5 6 8 9 11 | 11.8
Dodging        | 3 4 5 6 |  6.6
Axes           | 4 5 6 7 9 11 12 | 12.7
Stealth        | 3 5 6 |  6.0
Evocations     | 4 5 |  5.3
Shields        | 4 7 8 |  8.4
Fighting       | |  3.6

Action                   |  1- 3 |  4- 6 |  7- 9 | 10-12 || total
-------------------------+-------+-------+-------+-------++-------
Melee: Hand axe          |    78 |   263 |    95 |     9 ||   445
       War axe           |       |       |   243 |   406 ||   649
Invok: Berserk           |     1 |     2 |     5 |     5 ||    13
       Trog's Hand       |       |       |     1 |       ||     1
 Abil: Hop               |     1 |       |       |     2 ||     3
Evoke: Wand              |       |       |       |     1 ||     1
       Fan of gales      |       |       |       |     1 ||     1
  Use: Scroll            |       |    10 |     8 |     4 ||    22
 Stab: Sleeping          |       |       |     3 |     6 ||     9
  Eat: Meat ration       |     1 |       |     1 |       ||     2
       Chunk             |       |     7 |    12 |    13 ||    32
       Royal jelly       |       |     1 |     1 |     2 ||     4
       Fruit             |       |       |     1 |     4 ||     5
Armor: Animal skin       |    15 |    33 |       |       ||    48
       Scale mail        |       |    23 |       |   118 ||   141
       Ring mail         |       |    30 |   123 |    11 ||   164
Dodge: Dodged            |    69 |   209 |   245 |   201 ||   724
Block: Shield            |       |       |       |   162 ||   162
